Flames vs Avalanche

Created - October 19 2011 at 18:30

Goals
1 2 3 T
Flames 0 1 1 2
Avalanche 3 2 1 6
Shots
1 2 3 T
Flames 7 14 12 33
Avalanche 15 7 13 35

Period #1

1. Avalanche , Daniel Briere 5 (Kevin Klein) at 2:14
2. Avalanche , Olli Jokinen 1 (Milan Hejduk, Vinny Prospal) at 7:56
3. Avalanche , Vinny Prospal 1 (John Carlson) at 9:02

Penalties :
Kevin Shattenkirk (COL) for Interference (Minor) at 10:38, Dan Hamhuis (CGY) for Roughing (Minor) at 16:09

Period #2

4. Avalanche , T.J. Oshie 2 (Teemu Selanne, Daniel Briere) at 11:27
5. Flames , Mikael Samuelsson 2 (Jack Johnson, Erik Johnson) at 13:12
6. Avalanche , T.J. Oshie 3 (Teemu Selanne, Daniel Briere) at 15:56 (PP)

Penalties :
Michael Del Zotto (COL) for Slashing (Minor) at 4:50, Jack Johnson (CGY) for Hooking (Minor) at 15:44

Period #3

7. Avalanche , Teemu Selanne 4 (Kevin Shattenkirk, Daniel Briere) at 11:52 (PP)
8. Flames , Anze Kopitar 4 (Joffrey Lupul, Dan Hamhuis) at 16:35

Penalties :
Kevin Klein (COL) for Holding (Minor) at 4:55, Erik Johnson (CGY) for Roughing (Minor) at 11:14, Dan Hamhuis (CGY) for Interference (Minor) at 17:49

Goalie Stats

Sergei Bobrovsky (CGY), 28 saves from 31 shots - (0.903), 50:58 minutes
Miikka Kiprusoff (CGY), 1 saves from 4 shots - (0.250), L, 4-2-0, 9:02 minutes
Antti Niemi (COL), 31 saves from 33 shots - (0.939), W, 3-2-0, 60:00 minutes

Players Stats

Flames
Player Name              G  A  P  +/- PIM S  H  SB FO    MP 
------------------------------------------------------------
Alex Steen               0  0  0  -1  0   3  0  1  0/1   19 
Anze Kopitar             1  0  1  -1  0   4  0  0  18/28 22 
Carl Gunnarsson          0  0  0   0  0   0  0  0  0/0   3  
Dan Boyle                0  0  0  -1  0   1  3  2  0/0   22 
Dan Hamhuis              0  1  1  -1  4   1  2  0  0/0   20 
Devin Setoguchi          0  0  0  -2  0   1  3  0  0/1   15 
Erik Johnson             0  1  1   0  2   0  2  2  0/0   20 
Jack Johnson             0  1  1   0  2   1  0  1  0/0   19 
Jiri Hudler              0  0  0   1  0   0  0  0  0/0   6  
Joffrey Lupul            0  1  1   1  0   2  0  0  0/0   6  
John Tavares             0  0  0   0  0   4  0  0  15/28 20 
Josh Gorges              0  0  0  -1  0   1  1  0  0/0   18 
Michael Grabner          0  0  0  -2  0   5  0  0  0/1   14 
Mikael Samuelsson        1  0  1   0  0   4  3  0  1/1   22 
Pierre-Marc Bouchard     0  0  0   0  0   0  0  1  1/2   20 
Rob Schremp              0  0  0  -1  0   2  0  0  14/28 16 
Teddy Purcell            0  0  0  -1  0   2  0  1  0/1   16 
Zach Bogosian            0  0  0  -1  0   2  1  1  0/0   18 
Avalanche
Player Name              G  A  P  +/- PIM S  H  SB FO    MP 
------------------------------------------------------------
Bryan Bickell            0  0  0  -1  0   0  2  0  0/1   6  
Daniel Briere            1  3  4   2  0   2  1  0  7/26  16 
Derek Stepan             0  0  0  -1  0   2  0  0  14/24 18 
Jason Demers             0  0  0   2  0   1  2  1  0/0   22 
John Carlson             0  1  1   2  0   1  0  0  0/0   20 
Justin Abdelkader        0  0  0  -1  0   2  3  0  1/1   18 
Kevin Klein              0  1  1   1  2   0  3  4  0/0   19 
Kevin Shattenkirk        0  1  1   1  2   1  1  2  0/0   23 
Michael Del Zotto        0  0  0  -1  2   1  2  4  0/0   18 
Michael Sauer            0  0  0  -1  0   0  0  1  0/0   18 
Mike Knuble              0  0  0  -1  0   3  0  2  0/1   19 
Milan Hejduk             0  1  1   2  0   4  0  0  1/2   17 
Olli Jokinen             1  0  1   2  0   3  1  0  16/27 17 
Shawn Horcoff            0  0  0  -1  0   1  0  0  2/7   6  
T.J. Oshie               2  0  2   2  0   5  2  0  1/2   16 
Teemu Selanne            1  2  3   2  0   1  1  0  0/0   17 
Tomas Kopecky            0  0  0  -1  0   0  0  0  0/0   8  
Vinny Prospal            1  1  2   2  0   8  3  0  0/0   17 

3 Stars

1 - Daniel Briere (COL)
2 - T.J. Oshie (COL)
3 - Teemu Selanne (COL)

Power Play

Flames - 0 on 3 Attempt(s) - 0.00%
Avalanche - 2 on 4 Attempt(s) - 50.00%

Penalty Kill

Flames - 2 on 4 Attempt(s) - 50.00% - Score 0 goal in Penalty Kill
Avalanche - 3 on 3 Attempt(s) - 100.00% - Score 0 goal in Penalty Kill

Game Notes

Sergei Bobrovsky enters game at 9:02 of 1st period
John Tavares is injured at 17:13 of 3rd period (Bruised Left Arm)

Finance

Level 1 -- Attendance: 6500 (100.00%) -- Ticket Income $585,000.00
Level 2 -- Attendance: 3441 (68.82%) -- Ticket Income $206,460.00
Level 3 -- Attendance: 2210 (63.14%) -- Ticket Income $99,450.00
Level 4 -- Attendance: 1610 (80.22%) -- Ticket Income $40,250.00
Luxury Box -- Attendance: 858 (85.80%) -- Ticket Income $163,020.00
Game was played at the Pepsi Center
Total Attendance: 14619 (81.19%)
Total Ticket Income: $1,148,032.00
Other Income: $211,426.80
Total Income: $1,359,459.00


Play by Play

Period #1

0:01 of 1st period - Anze Kopitar wins face-off versus T.J. Oshie in neutral zone.
0:12 of 1st period - Shot by Michael Grabner.
0:12 of 1st period - Stopped by Antti Niemi with a rebound.
0:14 of 1st period - Shot by Dan Hamhuis.
0:14 of 1st period - Stopped by Antti Niemi without a rebound.
0:15 of 1st period - John Tavares wins face-off versus Milan Hejduk in Avalanche zone.
1:12 of 1st period - Icing by Jason Demers.
1:13 of 1st period - Olli Jokinen wins face-off versus Michael Grabner in Avalanche zone.
2:14 of 1st period - Shot by Daniel Briere.
2:14 of 1st period - Goal by Daniel Briere - Flames : 0 - Avalanche : 1.
2:15 of 1st period - Derek Stepan wins face-off versus Teddy Purcell in neutral zone.
2:48 of 1st period - Icing by Derek Stepan.
2:49 of 1st period - John Tavares wins face-off versus Derek Stepan in Avalanche zone.
3:24 of 1st period - Shot by Pierre-Marc Bouchard.
3:24 of 1st period - Shot Misses the Net.
3:32 of 1st period - Shot by Shawn Horcoff.
3:32 of 1st period - Shot Misses the Net.
3:34 of 1st period - Shot by Shawn Horcoff.
3:34 of 1st period - Stopped by Miikka Kiprusoff without a rebound.
3:35 of 1st period - Olli Jokinen wins face-off versus Anze Kopitar in Flames zone.
4:09 of 1st period - Milan Hejduk is hit by Dan Hamhuis and loses puck.
4:32 of 1st period - Dan Boyle is hit by Teemu Selanne and loses puck.
5:18 of 1st period - Shot by Alex Steen.
5:18 of 1st period - Stopped by Antti Niemi with a rebound.
5:20 of 1st period - Shot by Josh Gorges.
5:20 of 1st period - Stopped by Antti Niemi with a rebound.
5:23 of 1st period - Alex Steen is hit by Michael Del Zotto and loses puck.
5:32 of 1st period - Shot by Derek Stepan.
5:32 of 1st period - Shot Misses the Net.
5:38 of 1st period - Shot by Alex Steen.
5:38 of 1st period - Shot Blocked by Michael Del Zotto.
6:08 of 1st period - Pierre-Marc Bouchard is hit by Justin Abdelkader and loses puck.
6:51 of 1st period - Shot by Teddy Purcell.
6:51 of 1st period - Shot Blocked by Michael Sauer.
6:53 of 1st period - Shot by Rob Schremp.
6:53 of 1st period - Shot Misses the Net.
6:55 of 1st period - Shot by Teddy Purcell.
6:55 of 1st period - Shot Blocked by Mike Knuble.
7:02 of 1st period - Alex Steen is hit by Michael Del Zotto and loses puck.
7:32 of 1st period - Icing by Dan Hamhuis.
7:33 of 1st period - Olli Jokinen wins face-off versus Anze Kopitar in Flames zone.
7:56 of 1st period - Shot by Olli Jokinen.
7:56 of 1st period - Goal by Olli Jokinen - Flames : 0 - Avalanche : 2.
7:57 of 1st period - Daniel Briere wins face-off versus John Tavares in neutral zone.
8:08 of 1st period - Icing by Kevin Shattenkirk.
8:09 of 1st period - John Tavares wins face-off versus Daniel Briere in Avalanche zone.
8:55 of 1st period - Erik Johnson is hit by Vinny Prospal and loses puck.
9:02 of 1st period - Shot by Vinny Prospal.
9:02 of 1st period - Goal by Vinny Prospal - Flames : 0 - Avalanche : 3.
9:02 of 1st period - Sergei Bobrovsky enters game.
9:03 of 1st period - Olli Jokinen wins face-off versus Rob Schremp in neutral zone.
9:08 of 1st period - Shot by Vinny Prospal.
9:08 of 1st period - Stopped by Sergei Bobrovsky without a rebound.
9:09 of 1st period - Olli Jokinen wins face-off versus Rob Schremp in Flames zone.
9:34 of 1st period - Shot by Olli Jokinen.
9:34 of 1st period - Shot Misses the Net.
9:38 of 1st period - Shot by Vinny Prospal.
9:38 of 1st period - Stopped by Sergei Bobrovsky without a rebound.
9:39 of 1st period - Anze Kopitar wins face-off versus Shawn Horcoff in Flames zone.
10:04 of 1st period - Shot by Devin Setoguchi.
10:04 of 1st period - Shot Blocked by Kevin Klein.
10:06 of 1st period - Shot by Anze Kopitar.
10:06 of 1st period - Deflect By Michael Grabner.
10:06 of 1st period - Shot Misses the Net.
10:31 of 1st period - Icing by Kevin Shattenkirk.
10:32 of 1st period - Rob Schremp wins face-off versus Shawn Horcoff in Avalanche zone.
10:38 of 1st period - Minor Penalty to Kevin Shattenkirk for Interference.
10:39 of 1st period - Derek Stepan wins face-off versus John Tavares in Avalanche zone.
11:20 of 1st period - Jason Demers is hit by Mikael Samuelsson and loses puck.
12:05 of 1st period - Michael Sauer is hit by Devin Setoguchi and loses puck.
12:27 of 1st period - Off-side.
12:28 of 1st period - Derek Stepan wins face-off versus John Tavares in neutral zone.
12:33 of 1st period - Icing by Pierre-Marc Bouchard.
12:34 of 1st period - Derek Stepan wins face-off versus John Tavares in Flames zone.
12:47 of 1st period - Shot by Vinny Prospal.
12:47 of 1st period - Stopped by Sergei Bobrovsky with a rebound.
12:51 of 1st period - Shot by Vinny Prospal.
12:51 of 1st period - Shot Misses the Net.
12:53 of 1st period - Shot by Milan Hejduk.
12:53 of 1st period - Shot Misses the Net.
12:55 of 1st period - Shot by John Carlson.
12:55 of 1st period - Shot Misses the Net.
12:57 of 1st period - Shot by Milan Hejduk.
12:57 of 1st period - Shot Hit the Post.
12:59 of 1st period - Shot by John Carlson.
12:59 of 1st period - Stopped by Sergei Bobrovsky without a rebound.
13:00 of 1st period - Rob Schremp wins face-off versus Daniel Briere in Flames zone.
13:00 of 1st period - Rob Schremp is hit by Daniel Briere.
13:52 of 1st period - Daniel Briere is hit by Mikael Samuelsson.
13:53 of 1st period - Icing by Daniel Briere.
13:54 of 1st period - Daniel Briere wins face-off versus Anze Kopitar in Avalanche zone.
14:25 of 1st period - Shot by Justin Abdelkader.
14:25 of 1st period - Stopped by Sergei Bobrovsky without a rebound.
14:26 of 1st period - Olli Jokinen wins face-off versus John Tavares in Flames zone.
15:09 of 1st period - Shot by Vinny Prospal.
15:09 of 1st period - Stopped by Sergei Bobrovsky without a rebound.
15:10 of 1st period - Rob Schremp wins face-off versus Mike Knuble in Flames zone.
15:14 of 1st period - Icing by Alex Steen.
15:15 of 1st period - Rob Schremp wins face-off versus Derek Stepan in Flames zone.
15:45 of 1st period - Shot by Mike Knuble.
15:45 of 1st period - Stopped by Sergei Bobrovsky without a rebound.
15:46 of 1st period - Daniel Briere wins face-off versus Anze Kopitar in Flames zone.
15:46 of 1st period - Teemu Selanne is hit by Dan Hamhuis and loses puck.
15:59 of 1st period - Shot by Daniel Briere.
15:59 of 1st period - Shot Misses the Net.
16:09 of 1st period - Minor Penalty to Dan Hamhuis for Roughing.
16:10 of 1st period - John Tavares wins face-off versus Olli Jokinen in Flames zone.
16:25 of 1st period - Shot by Michael Del Zotto.
16:25 of 1st period - Stopped by Sergei Bobrovsky without a rebound.
16:26 of 1st period - John Tavares wins face-off versus Daniel Briere in Flames zone.
16:51 of 1st period - Shot by T.J. Oshie.
16:51 of 1st period - Shot Blocked by Dan Boyle.
16:55 of 1st period - Shot by Daniel Briere.
16:55 of 1st period - Shot Blocked by Dan Boyle.
16:59 of 1st period - Shot by T.J. Oshie.
16:59 of 1st period - Stopped by Sergei Bobrovsky without a rebound.
17:00 of 1st period - Anze Kopitar wins face-off versus Olli Jokinen in Flames zone.
17:22 of 1st period - Shot by Olli Jokinen.
17:22 of 1st period - Shot Misses the Net.
17:26 of 1st period - Shot by John Carlson.
17:26 of 1st period - Shot Misses the Net.
17:28 of 1st period - Shot by Mike Knuble.
17:28 of 1st period - Stopped by Sergei Bobrovsky without a rebound.
17:29 of 1st period - John Tavares wins face-off versus Daniel Briere in Flames zone.
18:32 of 1st period - Shot by Mikael Samuelsson.
18:32 of 1st period - Stopped by Antti Niemi without a rebound.
18:33 of 1st period - Anze Kopitar wins face-off versus Olli Jokinen in Avalanche zone.
18:36 of 1st period - Shot by Anze Kopitar.
18:36 of 1st period - Stopped by Antti Niemi without a rebound.
18:37 of 1st period - Olli Jokinen wins face-off versus Anze Kopitar in Avalanche zone.
19:10 of 1st period - Shot by Olli Jokinen.
19:10 of 1st period - Stopped by Sergei Bobrovsky without a rebound.
19:11 of 1st period - Rob Schremp wins face-off versus Derek Stepan in Flames zone.
19:13 of 1st period - Icing by Alex Steen.
19:14 of 1st period - Rob Schremp wins face-off versus Derek Stepan in Flames zone.
19:14 of 1st period - Alex Steen is hit by Justin Abdelkader and loses puck.
19:43 of 1st period - Shot by Rob Schremp.
19:43 of 1st period - Shot Misses the Net.
19:45 of 1st period - Shot by Teddy Purcell.
19:45 of 1st period - Stopped by Antti Niemi without a rebound.
19:46 of 1st period - John Tavares wins face-off versus Daniel Briere in Avalanche zone.
19:59 of 1st period - Shot by John Tavares.
19:59 of 1st period - Shot Misses the Net.

Period #2

0:01 of 2nd period - Daniel Briere wins face-off versus Anze Kopitar in neutral zone.
0:05 of 2nd period - Icing by Dan Hamhuis.
0:06 of 2nd period - Olli Jokinen wins face-off versus Anze Kopitar in Flames zone.
0:31 of 2nd period - Olli Jokinen is hit by Devin Setoguchi.
1:21 of 2nd period - Icing by Kevin Klein.
1:22 of 2nd period - John Tavares wins face-off versus Daniel Briere in Avalanche zone.
2:28 of 2nd period - Shot by Justin Abdelkader.
2:28 of 2nd period - Shot Misses the Net.
2:30 of 2nd period - Shot by Michael Del Zotto.
2:30 of 2nd period - Shot Misses the Net.
2:50 of 2nd period - Shot by Milan Hejduk.
2:50 of 2nd period - Shot Misses the Net.
2:52 of 2nd period - Shot by Milan Hejduk.
2:52 of 2nd period - Shot Misses the Net.
2:56 of 2nd period - Shot by Milan Hejduk.
2:56 of 2nd period - Stopped by Sergei Bobrovsky without a rebound.
2:57 of 2nd period - Rob Schremp wins face-off versus Shawn Horcoff in Flames zone.
2:57 of 2nd period - Rob Schremp is hit by Bryan Bickell.
4:02 of 2nd period - Shot by Dan Boyle.
4:02 of 2nd period - Shot Misses the Net.
4:06 of 2nd period - Shot by Joffrey Lupul.
4:06 of 2nd period - Stopped by Antti Niemi with a rebound.
4:08 of 2nd period - Shot by Anze Kopitar.
4:08 of 2nd period - Shot Blocked by Jason Demers.
4:18 of 2nd period - Shot by Joffrey Lupul.
4:18 of 2nd period - Stopped by Antti Niemi with a rebound.
4:22 of 2nd period - Shot by Dan Boyle.
4:22 of 2nd period - Stopped by Antti Niemi with a rebound.
4:24 of 2nd period - Shot by Anze Kopitar.
4:24 of 2nd period - Shot Misses the Net.
4:48 of 2nd period - Shot by Michael Grabner.
4:48 of 2nd period - Stopped by Antti Niemi with a rebound.
4:50 of 2nd period - Shot by Michael Grabner.
4:50 of 2nd period - Stopped by Antti Niemi without a rebound.
4:50 of 2nd period - Minor Penalty to Michael Del Zotto for Slashing.
4:51 of 2nd period - Justin Abdelkader wins face-off versus John Tavares in Avalanche zone.
5:57 of 2nd period - Michael Grabner is hit by Kevin Klein and loses puck.
6:31 of 2nd period - Shot by John Tavares.
6:31 of 2nd period - Shot Blocked by Kevin Shattenkirk.
6:52 of 2nd period - Icing by Josh Gorges.
6:53 of 2nd period - Rob Schremp wins face-off versus Daniel Briere in Flames zone.
7:00 of 2nd period - Shot by Daniel Briere.
7:00 of 2nd period - Shot Misses the Net.
7:04 of 2nd period - Shot by T.J. Oshie.
7:04 of 2nd period - Stopped by Sergei Bobrovsky with a rebound.
7:06 of 2nd period - Shot by Kevin Klein.
7:06 of 2nd period - Shot Blocked by Zach Bogosian.
7:15 of 2nd period - Shot by Teemu Selanne.
7:15 of 2nd period - Shot Misses the Net.
8:51 of 2nd period - Shot by Derek Stepan.
8:51 of 2nd period - Shot Blocked by Teddy Purcell.
8:55 of 2nd period - Shot by Michael Sauer.
8:55 of 2nd period - Shot Misses the Net.
9:37 of 2nd period - Off-side.
9:38 of 2nd period - Olli Jokinen wins face-off versus John Tavares in neutral zone.
9:46 of 2nd period - Icing by Erik Johnson.
9:47 of 2nd period - Derek Stepan wins face-off versus John Tavares in Flames zone.
11:11 of 2nd period - Off-side.
11:12 of 2nd period - Daniel Briere wins face-off versus Rob Schremp in neutral zone.
11:15 of 2nd period - Shot by Teemu Selanne.
11:15 of 2nd period - Shot Blocked by Alex Steen.
11:27 of 2nd period - Shot by Teemu Selanne.
11:27 of 2nd period - Deflect By T.J. Oshie.
11:27 of 2nd period - Goal by T.J. Oshie - Flames : 0 - Avalanche : 4.
11:28 of 2nd period - Shawn Horcoff wins face-off versus Rob Schremp in neutral zone.
11:51 of 2nd period - Shot by Alex Steen.
11:51 of 2nd period - Stopped by Antti Niemi with a rebound.
11:57 of 2nd period - Shot by Teddy Purcell.
11:57 of 2nd period - Shot Misses the Net.
12:58 of 2nd period - Icing by Erik Johnson.
12:59 of 2nd period - Mikael Samuelsson wins face-off versus Derek Stepan in Flames zone.
13:06 of 2nd period - Shot by Mikael Samuelsson.
13:06 of 2nd period - Shot Blocked by Mike Knuble.
13:10 of 2nd period - Shot by Jack Johnson.
13:10 of 2nd period - Shot Misses the Net.
13:12 of 2nd period - Shot by Mikael Samuelsson.
13:12 of 2nd period - Goal by Mikael Samuelsson - Flames : 1 - Avalanche : 4.
13:13 of 2nd period - Olli Jokinen wins face-off versus Rob Schremp in neutral zone.
13:18 of 2nd period - Shot by Vinny Prospal.
13:18 of 2nd period - Shot Misses the Net.
13:20 of 2nd period - Shot by Jason Demers.
13:20 of 2nd period - Shot Misses the Net.
13:22 of 2nd period - Shot by Milan Hejduk.
13:22 of 2nd period - Stopped by Sergei Bobrovsky without a rebound.
13:23 of 2nd period - Derek Stepan wins face-off versus Rob Schremp in Flames zone.
14:31 of 2nd period - Mikael Samuelsson is hit by Vinny Prospal and loses puck.
14:42 of 2nd period - Milan Hejduk is hit by Mikael Samuelsson and loses puck.
14:54 of 2nd period - John Tavares is hit by Jason Demers and loses puck.
15:26 of 2nd period - Icing by Erik Johnson.
15:27 of 2nd period - Derek Stepan wins face-off versus John Tavares in Flames zone.
15:34 of 2nd period - Shot by Mike Knuble.
15:34 of 2nd period - Shot Blocked by Erik Johnson.
15:37 of 2nd period - Icing by Mikael Samuelsson.
15:38 of 2nd period - Derek Stepan wins face-off versus John Tavares in Flames zone.
15:41 of 2nd period - Shot by Derek Stepan.
15:41 of 2nd period - Shot Blocked by Pierre-Marc Bouchard.
15:44 of 2nd period - Minor Penalty to Jack Johnson for Hooking.
15:45 of 2nd period - Anze Kopitar wins face-off versus Daniel Briere in Flames zone.
15:56 of 2nd period - Shot by Teemu Selanne.
15:56 of 2nd period - Deflect By T.J. Oshie.
15:56 of 2nd period - Goal by T.J. Oshie - Flames : 1 - Avalanche : 5.
15:57 of 2nd period - Anze Kopitar wins face-off versus Derek Stepan in neutral zone.
16:25 of 2nd period - Shot by Michael Grabner.
16:25 of 2nd period - Shot Blocked by Michael Del Zotto.
16:27 of 2nd period - Shot by Michael Grabner.
16:27 of 2nd period - Stopped by Antti Niemi without a rebound.
16:28 of 2nd period - Olli Jokinen wins face-off versus Rob Schremp in Avalanche zone.
16:44 of 2nd period - Milan Hejduk is hit by Zach Bogosian and loses puck.
16:57 of 2nd period - Shot by Vinny Prospal.
16:57 of 2nd period - Stopped by Sergei Bobrovsky with a rebound.
16:59 of 2nd period - Shot by Olli Jokinen.
16:59 of 2nd period - Shot Misses the Net.
17:01 of 2nd period - Shot by Jason Demers.
17:01 of 2nd period - Stopped by Sergei Bobrovsky without a rebound.
17:02 of 2nd period - Anze Kopitar wins face-off versus Daniel Briere in Flames zone.
17:11 of 2nd period - Shot by Anze Kopitar.
17:11 of 2nd period - Stopped by Antti Niemi with a rebound.
17:14 of 2nd period - Icing by Kevin Klein.
17:15 of 2nd period - John Tavares wins face-off versus Daniel Briere in Avalanche zone.
17:20 of 2nd period - Shot by John Tavares.
17:20 of 2nd period - Shot Misses the Net.
17:22 of 2nd period - Shot by Jack Johnson.
17:22 of 2nd period - Shot Misses the Net.
17:24 of 2nd period - Shot by Jack Johnson.
17:24 of 2nd period - Shot Misses the Net.
17:28 of 2nd period - Shot by John Tavares.
17:28 of 2nd period - Shot Misses the Net.
17:36 of 2nd period - Shot by Mikael Samuelsson.
17:36 of 2nd period - Stopped by Antti Niemi with a rebound.
17:38 of 2nd period - Shot by John Tavares.
17:38 of 2nd period - Stopped by Antti Niemi with a rebound.
17:40 of 2nd period - Shot by John Tavares.
17:40 of 2nd period - Stopped by Antti Niemi with a rebound.
17:44 of 2nd period - Shot by John Tavares.
17:44 of 2nd period - Shot Misses the Net.
17:46 of 2nd period - Shot by John Tavares.
17:46 of 2nd period - Shot Misses the Net.
17:50 of 2nd period - Shot by John Tavares.
17:50 of 2nd period - Stopped by Antti Niemi with a rebound.
19:21 of 2nd period - Shot by Alex Steen.
19:21 of 2nd period - Shot Misses the Net.
19:23 of 2nd period - Shot by Teddy Purcell.
19:23 of 2nd period - Stopped by Antti Niemi without a rebound.
19:24 of 2nd period - Derek Stepan wins face-off versus Pierre-Marc Bouchard in Avalanche zone.

Period #3

0:01 of 3rd period - Daniel Briere wins face-off versus Anze Kopitar in neutral zone.
0:01 of 3rd period - Kevin Shattenkirk is hit by Devin Setoguchi and loses puck.
0:20 of 3rd period - Shot by Devin Setoguchi.
0:20 of 3rd period - Shot Misses the Net.
0:22 of 3rd period - Shot by Dan Hamhuis.
0:22 of 3rd period - Shot Blocked by Kevin Klein.
0:24 of 3rd period - Shot by Anze Kopitar.
0:24 of 3rd period - Shot Blocked by Kevin Klein.
0:26 of 3rd period - Shot by Dan Boyle.
0:26 of 3rd period - Deflect By Devin Setoguchi.
0:26 of 3rd period - Stopped by Antti Niemi without a rebound.
0:27 of 3rd period - Olli Jokinen wins face-off versus John Tavares in Avalanche zone.
0:34 of 3rd period - Shot by Milan Hejduk.
0:34 of 3rd period - Shot Misses the Net.
0:36 of 3rd period - Shot by Vinny Prospal.
0:36 of 3rd period - Shot Misses the Net.
0:40 of 3rd period - Shot by Jason Demers.
0:40 of 3rd period - Shot Hit the Post.
1:06 of 3rd period - Shot by Milan Hejduk.
1:06 of 3rd period - Stopped by Sergei Bobrovsky without a rebound.
1:07 of 3rd period - Derek Stepan wins face-off versus Rob Schremp in Flames zone.
1:11 of 3rd period - Mike Knuble is hit by Josh Gorges and loses puck.
1:44 of 3rd period - Shot by Derek Stepan.
1:44 of 3rd period - Shot Misses the Net.
1:47 of 3rd period - Icing by Zach Bogosian.
1:48 of 3rd period - Rob Schremp wins face-off versus Daniel Briere in Flames zone.
1:48 of 3rd period - Rob Schremp is hit by T.J. Oshie.
1:51 of 3rd period - Icing by Teddy Purcell.
1:52 of 3rd period - Rob Schremp wins face-off versus Daniel Briere in Flames zone.
1:52 of 3rd period - Rob Schremp is hit by T.J. Oshie.
2:00 of 3rd period - Icing by Zach Bogosian.
2:01 of 3rd period - Olli Jokinen wins face-off versus Rob Schremp in Flames zone.
2:41 of 3rd period - Shot by Devin Setoguchi.
2:41 of 3rd period - Shot Misses the Net.
3:08 of 3rd period - Icing by Dan Hamhuis.
3:09 of 3rd period - Derek Stepan wins face-off versus Anze Kopitar in Flames zone.
3:09 of 3rd period - Derek Stepan is hit by Dan Boyle.
3:35 of 3rd period - Shot by John Tavares.
3:35 of 3rd period - Stopped by Antti Niemi with a rebound.
3:37 of 3rd period - Shot by Mikael Samuelsson.
3:37 of 3rd period - Stopped by Antti Niemi with a rebound.
3:42 of 3rd period - Icing by Michael Sauer.
3:43 of 3rd period - Derek Stepan wins face-off versus John Tavares in Avalanche zone.
3:48 of 3rd period - Jack Johnson is hit by Justin Abdelkader and loses puck.
4:05 of 3rd period - Shot by Jack Johnson.
4:05 of 3rd period - Shot Misses the Net.
4:10 of 3rd period - Off-side.
4:11 of 3rd period - Rob Schremp wins face-off versus Bryan Bickell in neutral zone.
4:13 of 3rd period - Off-side.
4:14 of 3rd period - Shawn Horcoff wins face-off versus Rob Schremp in neutral zone.
4:26 of 3rd period - Alex Steen is hit by Kevin Klein and loses puck.
4:50 of 3rd period - Shot by Rob Schremp.
4:50 of 3rd period - Shot Blocked by Kevin Shattenkirk.
4:52 of 3rd period - Shot by Alex Steen.
4:52 of 3rd period - Shot Misses the Net.
4:55 of 3rd period - Minor Penalty to Kevin Klein for Holding.
4:56 of 3rd period - Derek Stepan wins face-off versus Anze Kopitar in Avalanche zone.
5:13 of 3rd period - Shot by Jack Johnson.
5:13 of 3rd period - Stopped by Antti Niemi without a rebound.
5:14 of 3rd period - John Tavares wins face-off versus Derek Stepan in Avalanche zone.
7:11 of 3rd period - Icing by Josh Gorges.
7:12 of 3rd period - Olli Jokinen wins face-off versus Rob Schremp in Flames zone.
7:40 of 3rd period - Shot by Zach Bogosian.
7:40 of 3rd period - Stopped by Antti Niemi without a rebound.
7:41 of 3rd period - Anze Kopitar wins face-off versus Daniel Briere in Avalanche zone.
8:17 of 3rd period - Off-side.
8:18 of 3rd period - John Tavares wins face-off versus Derek Stepan in neutral zone.
8:31 of 3rd period - Mike Knuble is hit by Erik Johnson and loses puck.
8:34 of 3rd period - Shot by Justin Abdelkader.
8:34 of 3rd period - Shot Blocked by Jack Johnson.
8:42 of 3rd period - Shot by Derek Stepan.
8:42 of 3rd period - Stopped by Sergei Bobrovsky without a rebound.
8:43 of 3rd period - Milan Hejduk wins face-off versus Rob Schremp in Flames zone.
8:44 of 3rd period - Shot by Vinny Prospal.
8:44 of 3rd period - Stopped by Sergei Bobrovsky without a rebound.
8:45 of 3rd period - Olli Jokinen wins face-off versus Rob Schremp in Flames zone.
8:46 of 3rd period - Shot by Milan Hejduk.
8:46 of 3rd period - Stopped by Sergei Bobrovsky without a rebound.
8:47 of 3rd period - Olli Jokinen wins face-off versus Rob Schremp in Flames zone.
9:14 of 3rd period - Shot by Rob Schremp.
9:14 of 3rd period - Stopped by Antti Niemi without a rebound.
9:15 of 3rd period - John Tavares wins face-off versus Daniel Briere in Avalanche zone.
9:48 of 3rd period - Shot by Daniel Briere.
9:48 of 3rd period - Stopped by Sergei Bobrovsky with a rebound.
9:52 of 3rd period - Shot by T.J. Oshie.
9:52 of 3rd period - Stopped by Sergei Bobrovsky without a rebound.
9:53 of 3rd period - Anze Kopitar wins face-off versus Derek Stepan in Flames zone.
10:04 of 3rd period - Shot by Anze Kopitar.
10:04 of 3rd period - Shot Hit the Post.
10:08 of 3rd period - Shot by Anze Kopitar.
10:08 of 3rd period - Shot Misses the Net.
10:10 of 3rd period - Shot by Dan Hamhuis.
10:10 of 3rd period - Shot Blocked by Michael Del Zotto.
10:30 of 3rd period - Shot by Michael Grabner.
10:30 of 3rd period - Stopped by Antti Niemi with a rebound.
10:51 of 3rd period - Shot by Zach Bogosian.
10:51 of 3rd period - Stopped by Antti Niemi without a rebound.
10:52 of 3rd period - John Tavares wins face-off versus Olli Jokinen in Avalanche zone.
11:14 of 3rd period - Minor Penalty to Erik Johnson for Roughing.
11:15 of 3rd period - Anze Kopitar wins face-off versus Daniel Briere in Flames zone.
11:26 of 3rd period - Shot by Kevin Shattenkirk.
11:26 of 3rd period - Stopped by Sergei Bobrovsky without a rebound.
11:27 of 3rd period - Anze Kopitar wins face-off versus Daniel Briere in Flames zone.
11:52 of 3rd period - Shot by Teemu Selanne.
11:52 of 3rd period - Goal by Teemu Selanne - Flames : 1 - Avalanche : 6.
11:53 of 3rd period - John Tavares wins face-off versus Shawn Horcoff in neutral zone.
12:10 of 3rd period - John Tavares is hit by Bryan Bickell and loses puck.
13:00 of 3rd period - Shot by Alex Steen.
13:00 of 3rd period - Stopped by Antti Niemi without a rebound.
13:01 of 3rd period - Anze Kopitar wins face-off versus Olli Jokinen in Avalanche zone.
13:38 of 3rd period - Shot by Vinny Prospal.
13:38 of 3rd period - Shot Misses the Net.
14:07 of 3rd period - Shot by Alex Steen.
14:07 of 3rd period - Shot Misses the Net.
14:09 of 3rd period - Shot by Zach Bogosian.
14:09 of 3rd period - Shot Blocked by Michael Del Zotto.
14:13 of 3rd period - Shot by Rob Schremp.
14:13 of 3rd period - Stopped by Antti Niemi without a rebound.
14:14 of 3rd period - Pierre-Marc Bouchard wins face-off versus Daniel Briere in Avalanche zone.
14:15 of 3rd period - Shot by Mikael Samuelsson.
14:15 of 3rd period - Shot Blocked by Kevin Klein.
14:24 of 3rd period - Mikael Samuelsson is hit by Kevin Shattenkirk and loses puck.
14:34 of 3rd period - John Tavares is hit by Kevin Klein and loses puck.
14:51 of 3rd period - Daniel Briere is hit by Erik Johnson and loses puck.
14:54 of 3rd period - Shot by Teemu Selanne.
14:54 of 3rd period - Shot Blocked by Erik Johnson.
15:04 of 3rd period - Shot by Derek Stepan.
15:04 of 3rd period - Stopped by Sergei Bobrovsky with a rebound.
15:06 of 3rd period - Shot by Michael Sauer.
15:06 of 3rd period - Deflect By Mike Knuble.
15:06 of 3rd period - Shot Misses the Net.
15:08 of 3rd period - Shot by Mike Knuble.
15:08 of 3rd period - Stopped by Sergei Bobrovsky with a rebound.
15:10 of 3rd period - Shot by Justin Abdelkader.
15:10 of 3rd period - Stopped by Sergei Bobrovsky without a rebound.
15:11 of 3rd period - Rob Schremp wins face-off versus Derek Stepan in Flames zone.
15:48 of 3rd period - Off-side.
15:49 of 3rd period - Anze Kopitar wins face-off versus Olli Jokinen in neutral zone.
15:58 of 3rd period - Shot by Anze Kopitar.
15:58 of 3rd period - Stopped by Antti Niemi without a rebound.
15:59 of 3rd period - Anze Kopitar wins face-off versus Shawn Horcoff in Avalanche zone.
16:07 of 3rd period - Shawn Horcoff is hit by Dan Boyle.
16:10 of 3rd period - Bryan Bickell is hit by Dan Boyle and loses puck.
16:35 of 3rd period - Shot by Anze Kopitar.
16:35 of 3rd period - Goal by Anze Kopitar - Flames : 2 - Avalanche : 6.
16:36 of 3rd period - Rob Schremp wins face-off versus Olli Jokinen in neutral zone.
16:52 of 3rd period - Shot by Vinny Prospal.
16:52 of 3rd period - Stopped by Sergei Bobrovsky without a rebound.
16:53 of 3rd period - Derek Stepan wins face-off versus John Tavares in Flames zone.
17:11 of 3rd period - Icing by Jack Johnson.
17:12 of 3rd period - John Tavares wins face-off versus Olli Jokinen in Flames zone.
17:12 of 3rd period - John Tavares is hit by Vinny Prospal.
17:13 of 3rd period - John Tavares from Flames is injured at 17:13 of 3rd period (Bruised Left Arm).
17:14 of 3rd period - Rob Schremp wins face-off versus Olli Jokinen in Flames zone.
17:26 of 3rd period - Icing by Jason Demers.
17:27 of 3rd period - Anze Kopitar wins face-off versus Olli Jokinen in Avalanche zone.
17:49 of 3rd period - Minor Penalty to Dan Hamhuis for Interference.
17:50 of 3rd period - T.J. Oshie wins face-off versus Alex Steen in Flames zone.
18:33 of 3rd period - Icing by Kevin Shattenkirk.
18:34 of 3rd period - Anze Kopitar wins face-off versus Daniel Briere in Avalanche zone.
18:34 of 3rd period - Alex Steen is hit by Jason Demers.
19:09 of 3rd period - Icing by T.J. Oshie.
19:10 of 3rd period - Anze Kopitar wins face-off versus Daniel Briere in Avalanche zone.
19:24 of 3rd period - Icing by Daniel Briere.
19:25 of 3rd period - Daniel Briere wins face-off versus Devin Setoguchi in Avalanche zone.
19:46 of 3rd period - Shot by Olli Jokinen.
19:46 of 3rd period - Stopped by Sergei Bobrovsky without a rebound.
19:47 of 3rd period - Anze Kopitar wins face-off versus Olli Jokinen in Flames zone.
19:47 of 3rd period - Anze Kopitar is hit by Olli Jokinen.


Output by the SimonT Hockey Simulator (STHS) for Stephane Roy -- Original Page W3C XHTML 1.0 Valid